 Dungeon Crawl Stone Soup version 0.27.0-1-g7a089689b8 (webtiles) character file.

Game seed: 17178326001538819719

27230007 Forgeling the Bringer of Light (level 27, 192/214 HPs)
             Began as a Merfolk Brigand on Aug 13, 2021.
             Was the Champion of the Shining One.
             Escaped with the Orb
             ... and 14 runes on Aug 14, 2021!
             The game lasted 06:25:26 (47604 turns).

Forgeling the Bringer of Light (Merfolk Brigand)   Turns: 47604, Time: 06:25:26

Health: 192/214    AC: 34    Str: 25    XL:     27
Magic:  40/40      EV: 15    Int: 19    God:    the Shining One [******]
Gold:   3456       SH:  0    Dex: 14    Spells: 34/44 levels left

rFire    + + +     SeeInvis .   b - +9 bardiche (holy)
rCold    + + +     Faith    .   (shield currently unavailable)
rNeg     + + +     Spirit   .   s - +8 gold dragon scales
rPois    +         Reflect  .   c - +1 helmet {Int+3}
rElec    +         Harm     .   B - +1 cloak "Lonlyzu" {rF++ rCorr Int+2 Dex-5}
rCorr    +         Rampage  +   n - +1 pair of gloves {Dex+3}
Will     +++..                  t - +2 pair of boots {rampage}
Stlth    ..........             o - amulet of regeneration
HPRegen  1.45/turn              y - ring of Raqy {rPois rC+ Will+ Str+3 Int+2}
MPRegen  0.27/turn              Z - ring "Lanwegh" {+Blink rElec rF+ rC+ Int+4}

@: glowing, studying Slings
A: (nimble swimmer 2), mertail, cold resistance 1, deformed body, dopey 2, frail
1, mutation resistance 1, sense surroundings 1, inhibited regeneration
0: Orb of Zot
}: 14/15 runes: decaying, slimy, silver, iron, obsidian, icy, bone, abyssal,
demonic, glowing, magical, fiery, dark, gossamer
a: Renounce Religion, Evoke Blink, Divine Shield, Cleansing Flame, Summon Divine
Warrior


You escaped.
You worshipped the Shining One.
The Shining One was exalted by your worship.
You visited 17 branches of the dungeon, and saw 86 of its levels.
You visited Pandemonium 1 time, and saw 10 of its levels.
You visited the Abyss 2 times.
You also visited: Bailey, Ice Cave and Desolation.

You collected 7226 gold pieces.
You spent 3770 gold pieces at shops.

Inventory:

Hand Weapons
 a - a +9 vorpal bardiche
 b - a +9 bardiche of holy wrath (weapon)
Missiles
 f - 37 boomerangs (quivered)
 r - 17 curare-tipped darts
 u - 27 javelins
 x - 3 throwing nets
 P - 20 silver javelins
Armour
 c - a +1 helmet of intelligence (worn)
 n - a +1 pair of gloves of dexterity (worn)
 s - +8 gold dragon scales (worn)
 t - a +2 pair of boots of rampaging (worn)
 B - the +1 cloak "Lonlyzu" (worn) {rF++ rCorr Int+2 Dex-5}
   (Okawaru gifted it to you on level 2 of the Depths)

   Int:       It affects your intelligence (+2).
   Dex:       It affects your dexterity (-5).
   rF:        It greatly protects you from fire.
   rCorr:     It protects you from acid and corrosion.
Jewellery
 j - the macabre finger necklace {rN+}
   (You found it on level 3 of the Depths)

   [amulet of nothing]

   It enables you to equip an extra ring.
   rN:        It protects you from negative energy.
 o - an amulet of regeneration (around neck)
 q - the ring of Amelioration {rElec rN+ Will+ Dex+5}
   (You found it on level 5 of the Pits of Slime)

   [ring of positive energy]

   Dex:       It affects your dexterity (+5).
   rElec:     It insulates you from electricity.
   rN:        It protects you from negative energy.
   Will:      It increases your willpower.
 y - the ring of Raqy (left hand) {rPois rC+ Will+ Str+3 Int+2}
   (You took it off a ragged hierophant in the Desolation of Salt)

   [ring of poison resistance]

   Str:       It affects your strength (+3).
   Int:       It affects your intelligence (+2).
   rC:        It protects you from cold.
   rPois:     It protects you from poison.
   Will:      It increases your willpower.
 O - the ring of Zucvub {Int+6 Dex+9}
   (You found it on level 3 of the Elven Halls)

   [ring of intelligence]

   Int:       It affects your intelligence (+6).
   Dex:       It affects your dexterity (+9).
 Z - the ring "Lanwegh" (right hand) {+Blink rElec rF+ rC+ Int+4}
   (You found it on level 5 of the Pits of Slime)

   [ring of protection from cold]

   Int:       It affects your intelligence (+4).
   rF:        It protects you from fire.
   rC:        It protects you from cold.
   rElec:     It insulates you from electricity.
   +Blink:    It lets you blink.
Wands
 d - a wand of digging (14)
 e - a wand of charming (14)
 h - a wand of acid (13)
 i - a wand of iceblast (28)
 p - a wand of paralysis (29)
Scrolls
 k - a scroll of brand weapon
 D - a scroll of blinking
 E - 4 scrolls of fear
 F - 7 scrolls of fog
 K - 6 scrolls of immolation
 S - 6 scrolls of summoning
 V - 7 scrolls of vulnerability
 W - 3 scrolls of holy word
 X - a scroll of magic mapping {@r4}
 Y - 7 scrolls of teleportation {@r3}
Potions
 A - 4 potions of attraction
 C - a potion of cancellation
 G - 7 potions of ambrosia
 H - a potion of haste
 J - 25 potions of curing {@q1}
 L - 2 potions of flight
 M - a potion of might
 N - 5 potions of heal wounds {@q2}
 Q - 5 potions of magic
 R - 6 potions of resistance
 T - 6 potions of berserk rage
Miscellaneous
 g - a tin of tremorstones (2/2)
 m - a phantom mirror
 v - a lightning rod (4/4)
 w - a phial of floods
 z - a box of beasts


   Skills:
 - Level 24.0 Fighting
 - Level 2.4 Short Blades
 O Level 27 Polearms
 + Level 25.7 Throwing
 - Level 16.0 Armour
 - Level 26.9 Dodging
 - Level 4.3 Stealth
 - Level 9.0 Spellcasting
 - Level 4.4 Conjurations
 - Level 9.0 Translocations
 - Level 12.0 Transmutations
 O Level 27 Invocations
 - Level 20.0 Evocations


You had 34 spell levels left.
You knew the following spells:

 Your Spells              Type           Power      Damage    Failure   Level
n - Apportation           Tloc           84%        N/A       4%          1
w - Wereblood             Tmut           52%        N/A       1%          2
y - Irradiate             Conj/Tmut      19%        3d20      88%         5
B - Blink                 Tloc           N/A        N/A       7%          2

Your spell library contained the following spells:

 Spells                   Type           Power      Damage    Failure   Level
 Beastly Appendage        Tmut           100%       N/A       1%          1
 Gell's Gravitas          Tloc           21%        N/A       14%         3
 Teleport Other           Tloc           42%        N/A       14%         3
 Sting                    Tmut/Pois      100%       1d8       16%         1
 Passwall                 Tmut/Erth      25%        N/A       24%         2
 Magic Dart               Conj           100%       1d8       32%         1
 Blade Hands              Tmut           26%        N/A       36%         5
 Searing Ray              Conj           50%        3d5       43%         2
 Spider Form              Tmut/Pois      15%        N/A       43%         3
 Foxfire                  Conj/Fire      64%        2x1d7     61%         1
 Ignite Poison            Fire/Tmut/Pois 23%        N/A       73%         3
 Static Discharge         Conj/Air       16%        N/A       75%         2
 Iskenderun's Mystic Bla  Conj/Tloc      34%        2d8       77%         4
 Petrify                  Tmut/Erth      31%        N/A       85%         4
 Animate Skeleton         Necr           16%        N/A       88%         1
 Corona                   Hex            8%         N/A       88%         1
 Freeze                   Ice            32%        1d5       88%         1
 Pain                     Necr           32%        1d5       88%         1
 Sandblast                Erth           16%        2d6       88%         1
 Summon Small Mammal      Summ           32%        N/A       88%         1
 Conjure Flame            Conj/Fire      16%        6-21      93%         3
 Dazzling Flash           Conj/Hex       32%        N/A       93%         3
 Stone Arrow              Conj/Erth      32%        3d9       93%         3
 Call Imp                 Summ           8%         N/A       96%         2
 Corpse Rot               Necr/Air       N/A        N/A       96%         2
 Ensorcelled Hibernation  Hex/Ice        16%        N/A       96%         2
 Poisonous Vapours        Pois/Air       16%        N/A       96%         2
 Slow                     Hex            8%         N/A       96%         2
 Sublimation of Blood     Necr           4%         N/A       96%         2
 Mephitic Cloud           Conj/Pois/Air  14%        N/A       97%         3
 Confusing Touch          Hex            8%         N/A       99%         3
 Frozen Ramparts          Ice            16%        1d3       99%         3
 Inner Flame              Hex/Fire       8%         N/A       99%         3
 Ozocubu's Armour         Ice            8%         N/A       99%         3
 Summon Guardian Golem    Hex/Summ       8%         N/A       99%         3
 Tukima's Dance           Hex            8%         N/A       99%         3
 Vampiric Draining        Necr           4%         2d6       99%         3
 Alistair's Intoxication  Tmut/Pois      20%        N/A       99%         5
 Yara's Violent Unravell  Hex/Tmut       15%        3d8       99%         5
 Airstrike                Air            4%         N/A       100%        4
 Animate Dead             Necr           4%         N/A       100%        4
 Cause Fear               Hex            4%         N/A       100%        4
 Dispel Undead            Necr           8%         3d8       100%        4
 Fulminant Prism          Conj/Hex       8%         3d7       100%        4
 Hailstorm                Conj/Ice       16%        3d6       100%        4
 Olgreb's Toxic Radiance  Pois           8%         N/A       100%        4
 Sticky Flame             Conj/Fire      16%        2d4       100%        4
 Summon Lightning Spire   Summ/Air       8%         N/A       100%        4
 Agony                    Necr           8%         N/A       100%        5
 Bolt of Magma            Conj/Fire/Erth 7%         4d6       100%        5
 Borgnjor's Vile Clutch   Necr/Erth      4%         N/A       100%        5
 Excruciating Wounds      Necr           4%         N/A       100%        5
 Fireball                 Conj/Fire      8%         3d6       100%        5
 Freezing Cloud           Conj/Ice/Air   7%         6-21      100%        5
 Iskenderun's Battlesphe  Conj           25%        2d8       100%        5
 Lee's Rapid Deconstruct  Erth           4%         3d6*      100%        5
 Lightning Bolt           Conj/Air       8%         1d20      100%        5
 Metabolic Englaciation   Hex/Ice        4%         N/A       100%        5
 Silence                  Hex/Air        4%         N/A       100%        5
 Conjure Ball Lightning   Conj/Air       8%         3x3d6     100%        6
 Death Channel            Necr           4%         N/A       100%        6
 Dispersal                Tloc           21%        N/A       100%        6
 Invisibility             Hex            4%         N/A       100%        6
 Shadow Creatures         Summ           N/A        N/A       100%        6
 Simulacrum               Ice/Necr       4%         N/A       100%        6
 Starburst                Conj/Fire      8%         8x6d4     100%        6
 Statue Form              Tmut/Erth      20%        N/A       100%        6
 Dragon Form              Tmut           26%        N/A       100%        7
 Haunt                    Necr/Summ      4%         N/A       100%        7
 Monstrous Menagerie      Summ           4%         N/A       100%        7
 Orb of Destruction       Conj           12%        9d6       100%        7
 Ozocubu's Refrigeration  Ice            4%         4d5       100%        7
 Spellforged Servitor     Conj/Summ      8%         N/A       100%        7
 Storm Form               Tmut/Air       15%        N/A       100%        7
 Summon Hydra             Summ           4%         N/A       100%        7
 Ignition                 Fire           4%         3d4       100%        8
 Chain Lightning          Conj/Air       8%         3d10      100%        9
 Dragon's Call            Summ           4%         N/A       100%        9
 Fire Storm               Conj/Fire      8%         8d2       100%        9
 Shatter                  Erth           4%         3d7*      100%        9


Dungeon Overview and Level Annotations

Branches:
Dungeon (15/15)            Temple (1/1) D:4            Lair (6/6) D:9
  Swamp (4/4) Lair:2       Spider (4/4) Lair:3        Slime (5/5) Lair:5
    Orc (2/2) D:10            Elf (3/3) Orc:2        Vaults (5/5) D:13
  Crypt (3/3) Vaults:2     Depths (5/5) D:15           Hell (visited)
    Dis (7/7) Hell            Geh (7/7) Hell            Coc (7/7) Hell
    Tar (7/7) Hell            Zot (5/5) Depths:5     Bailey (visited)
  IceCv (visited)         Desolation (visited)
   Tomb: Crypt:3

Altars:
Cheibriados
Dithmenos
Elyvilon
Fedhas
Gozag
Kikubaaqudgha
Makhleb
Okawaru
Qazlal
Xom
Yredelemnul
Zin
The Shining One
Lugonu

Shops:
Orc:2 =*(*   Elf:2 (   Vaults:5 !   Depths:2 :=:   Depths:3 [=   Depths:5 ?

Portals:
Hell: Depths:2 Depths:3 Depths:4 Depths:5
Abyss: Lair:6
Pandemonium: Orc:2 Depths:3 Depths:4
Trove: Vaults:1 (give +5 fire dragon scales)

Annotations:
Depths:3 2 transporters
Dis:7 Dispater
Geh:7 Asmodeus
Coc:7 Antaeus


Innate Abilities, Weirdness & Mutations

((You are quick and stealthy near water. (Stealth+, EV+, Speed+++)))
Your lower body shifts to a powerful aquatic tail in water.
Your flesh is cold resistant. (rC+)
Armour fits poorly on your strangely shaped body.
You are very dopey. (Int -4)
You are frail. (-10% HP)
You are somewhat resistant to further mutation.
You passively map a small area around you.
You do not regenerate when monsters are visible.


Message History

Press: ? - help, Dir - move target, f/p - red devil
Aim: a red devil, wielding a +0 trident (moderately wounded, haloed, about 19% to evade your +9 bardiche of holy wrath)
You reach to attack!
You slice the red devil!!
You kill the red devil!
You feel better.
You feel your power returning.
There is an open gate here.
There is an open gate here.
You see here a +0 trident.
(D) Dungeon (T) Temple (L) Lair (S) Swamp (N) Spider Nest (M) Slime Pits (O) Orcish Mines (E) Elven Halls (V) Vaults (C) Crypt (U) Depths (H) Hell (I) Dis (G) Gehenna (X) Cocytus (Y) Tartarus (Z) Zot
Where to? (Enter - D:1, ? - help)
What level of the Dungeon? (default 1, ? - help)
There is a stone staircase leading up here.
You climb upwards.
There is a stone staircase leading down here.
A monstrous demonspawn, a torturous demonspawn, a blood saint and a warmonger come into view.
The torturous blood saint is wielding a +2 dagger of venom.
The torturous warmonger is wielding a +2 vampiric demon trident and wearing a +2 chain mail of cold resistance.
The torturous warmonger shouts!
The torturous demonspawn shouts!
The monstrous demonspawn shouts!
Unknown command.
The torturous blood saint conjures a destructive force in the name of Makhleb!
The mass of ice explodes!
The iceblast engulfs you!! You partially resist.
The fireball explodes!
The fireball engulfs you. You resist.
There is a stone staircase leading up here.
You climb upwards.
There is a stone staircase leading down here.
(D) Dungeon (T) Temple (L) Lair (S) Swamp (N) Spider Nest (M) Slime Pits (O) Orcish Mines (E) Elven Halls (V) Vaults (C) Crypt (U) Depths (H) Hell (I) Dis (G) Gehenna (X) Cocytus (Y) Tartarus (Z) Zot
Where to? (Enter - D:1 @ (x,y), ? - help)
There is a stone staircase leading up here.
You climb upwards.
There is a stone staircase leading down here.
There is a staircase leading out of the dungeon here.
You have escaped!

#.##.#.#####.#
# ##........#
#####.####
#..####
#####.#
##....# .....#
#§.§.# #####.#
#....# #....#
#.@>.# ######


There were no monsters in sight!

Vanquished Creatures
  Cerebov (Pan)
  the Royal Jelly (Slime:5)
  Gloorx Vloq (Pan)
  Ereshkigal (Tar:7)
  Dissolution (Slime:2)
  Mnoleg (Pan)
  Lom Lobon (Pan)
  5 ancient liches
  12 orbs of fire
  Mennas (Vaults:2)
  Mara (Spider:4)
  A juggernaut (Depths:3)
  A royal mummy (Crypt:3)
  3 Killer Klowns
  Bai Suzhen (Spider:3)
  Saint Roka (Orc:2)
  10 shard shrikes
  Geryon (Hell)
  4 caustic shrikes (Depths:5)
  2 curse toes
  Margery (Vaults:2)
  Jory (Depths:5)
  Nikola (Spider:2)
  A pandemonium lord (Pan)
  The ghost of Jetyrhek the Devastator, a veteran GrEE of Lugonu (Crypt:1)
  9 golden dragons
  Arachne (Spider:2)
  5 bone dragons
  9 Tzitzimimeh
  A doom hound (Tar:7)
  3 electric golems
  5 iron giants (Dis:7)
  7 Brimstone Fiends
  Rupert (D:15)
  9 Hell Sentinels
  12 Ice Fiends
  Jorgrun (Orc:2)
  11 tentacled monstrosities
  18 Orb Guardians
  5 liches
  3 deep elf blademasters
  19 titans
  4 death cobs
  3 deep elf master archers
  3 quicksilver dragons
  13 acid blobs
  7 sphinxes
  Frances (Swamp:1)
  13 Executioners (Pan)
  7 ancient champions
  6 storm dragons
  A tentacled starspawn (Abyss:1)
  11 tengu reavers
  16 shadow dragons
  A thorn hunter (Swamp:3)
  7 rockslimes
  6 draconian monks
  Donald (Spider:3)
  Agnes (Spider:2)
  17 fire giants
  7 azure jellies
  5 orc warlords
  A rockslime (shapeshifter) (Vaults:5)
  4 deep elf sorcerers
  Aizul (Swamp:3)
  3 revenants
  4 draconian knights
  Louise (Swamp:1)
  14 cacodemons
  25 balrugs
  19 frost giants
  10 iron dragons
  2 draconian scorchers
  A draconian shifter (Zot:4)
  A caustic shrike zombie (Depths:2)
  A juggernaut zombie (Depths:1)
  2 imperial myrmidons (Desolation)
  10 emperor scorpions
  10 vault wardens
  3 ghost moths
  2 warmongers (Pan)
  8 ghouls
  An angel (Pan)
  3 deep elf elementalists (Elf:3)
  5 curse skulls
  5 draconian annihilators
  3 black suns (Pan)
  3 spriggan defenders
  19 ironbound preservers
  52 reapers
  7 quicksilver oozes
  26 very ugly things
  8 green draconians
  15 war gargoyles
  16 stone giants
  4 corrupters
  An elemental wellspring (Coc:6)
  A caustic shrike skeleton (Depths:2)
  7 vampire knights
  16 deep elf annihilators
  4 lorocyprocas
  11 black draconians
  2 dire elephants (Vaults:4)
  7 entropy weavers
  10 yellow draconians
  2 halazid warlocks (Desolation)
  5 white draconians
  4 deep elf demonologists
  5 red draconians
  2 pale draconians (Depths:5)
  6 purple draconians
  6 spark wasps
  11 eidola
  4 bunyips
  8 eleionomae
  5 blizzard demons
  2 merfolk javelineers (Depths:2)
  4 crystal guardians
  7 deep elf death magi
  12 yaktaur captains
  11 ettins
  10 fire dragons
  2 shambling mangroves
  Josephine (D:13)
  5 jiangshi
  4 green deaths
  3 rakshasas
  6 deep elf high priests
  4 kraken zombies
  4 quicksilver dragon zombies
  9 servants of whispers (Desolation)
  8 ragged hierophants (Desolation)
  5 quicksilver dragon skeletons
  10 ice dragons
  22 hydras
  31 vault guards
  10 great orbs of eyes
  An ironbound thunderhulk (Vaults:4)
  3 hell beasts
  7 monstrous demonspawn (Pan)
  5 peacekeepers
  5 spriggan air magi
  4 death knights
  4 ghost crabs
  6 boulder beetles
  5 tengu warriors
  Erica (Lair:2)
  14 centaur warriors
  9 alligators
  8 ironbound frosthearts
  4 two-headed ogres
  5 deep troll shamans
  15 dancing weapons
  9 deep troll earth magi
  10 death yaks
  6 hell hogs
  4 orc high priests (Orc:2)
  3 thrashing horrors (Lair:6)
  A titan zombie (Tar:7)
  7 vampire magi
  A shock serpent (Pan)
  4 titan skeletons
  6 iron golems
  4 ironbound beastmasters
  23 deep elf knights
  35 sun demons
  4 wretched stars
  4 spriggan berserkers
  7 storm dragon zombies
  A naga sharpshooter (Depths:3)
  36 soul eaters
  33 hell knights
  103 skeletal warriors
  16 iron trolls
  10 shadow wraiths
  A golden dragon zombie (Crypt:2)
  11 sixfirhies
  3 goliath frogs
  A death drake (Tar:2)
  6 glowing orange brains
  5 storm dragon skeletons
  11 anaconda zombies
  4 spriggan druids
  8 infernal demonspawn
  A spark wasp zombie (Depths:2)
  3 ghost moth zombies
  20 shadow demons
  3 torturous demonspawn (Pan)
  6 shadow dragon zombies
  9 swamp dragons
  An orange crystal statue (Elf:3)
  11 wizards
  9 flayed ghosts
  A deep troll (shapeshifter) (Depths:3)
  4 gelid demonspawn
  A kraken simulacrum (Hell)
  3 bog bodies
  68 deep trolls
  An anaconda skeleton (Crypt:3)
  9 lindwurms
  20 deep elf archers
  19 orc knights
  6 wolf spider zombies
  28 phantasmal warriors
  28 necromancers
  20 ironbound convokers
  A sphinx zombie (Depths:2)
  21 deep elf pyromancers
  4 fire giant zombies
  An orb spider (shapeshifter) (Lair:6)
  A harpy (Vaults:3)
  A wolf spider (shapeshifter) (Vaults:5)
  A mana viper (shapeshifter) (Vaults:3)
  3 shining eyes
  23 deep elf zephyrmancers
  4 stone giant zombies
  3 iron dragon zombies
  The ghost of freelancePsychic the Covert, a novice SpDe of Wu Jian (Lair:4)
  35 wolf spiders
  3 will-o-the-wisps
  10 orc sorcerers
  29 ugly things
  6 frost giant zombies
  6 cyclopes
  2 manticores
  21 orb spiders
  2 iron dragon skeletons
  A shadow dragon skeleton (Coc:6)
  18 elephants
  20 large abominations
  5 guardian serpents
  2 worldbinders (Abyss:2)
  8 black mambas
  Maurice (D:8)
  2 dire elephant zombies
  A water nymph (shapeshifter) (D:15)
  An ice statue (IceCv)
  An elephant (shapeshifter) (Depths:2)
  8 frost giant skeletons
  10 molten gargoyles
  A torpor snail (Lair:4)
  2 elf zombies
  13 moths of wrath
  9 vault sentinels
  An eye of devastation (Slime:5)
  3 fire giant skeletons
  5 stone giant skeletons
  A gargoyle (D:12)
  2 shock serpent zombies
  11 orange demons
  A red draconian zombie (Crypt:1)
  18 rust devils
  23 smoke demons
  2 spectral swamp worms (Tar:7)
  37 tormentors
  23 hellions
  2 emperor scorpion zombies
  11 cane toads
  4 dire elephant skeletons
  3 rime drakes
  A catoblepas zombie (Geh:7)
  5 tengu conjurers
  An efreet (Pan)
  24 ice devils
  4 komodo dragons
  21 yaktaurs
  17 demonic crawlers
  22 hellwings
  30 freezing wraiths
  2 anaconda simulacra
  3 ancient zymes
  A catoblepas skeleton (Crypt:3)
  A minotaur skeleton (Crypt:3)
  2 guardian mummies (Crypt:3)
  A grey draconian skeleton (Crypt:1)
  5 trolls
  A merfolk (shapeshifter) (Vaults:4)
  12 polar bears
  8 hydra zombies
  31 red devils
  A queen bee (Abyss:3)
  9 tyrant leeches
  14 meliai
  A queen bee (shapeshifter) (Lair:6)
  6 harpy zombies
  35 jumping spiders
  A harpy skeleton (Geh:5)
  A tyrant leech (shapeshifter) (Lair:6)
  18 hornets
  An ice dragon zombie (Dis:6)
  53 saltlings (Desolation)
  7 hydra skeletons
  A meliai zombie (Crypt:2)
  4 fire dragon zombies
  95 slime creatures
  21 blink frogs
  4 alligator zombies
  A fire giant simulacrum (Coc:3)
  A slime creature (shapeshifter) (Vaults:5)
  A stone giant simulacrum (Vaults:1)
  Sigmund (D:2)
  4 ettin zombies
  2 alligator skeletons
  74 flying skulls
  15 shadows
  9 water elementals
  An ice dragon skeleton (Geh:7)
  A shock serpent simulacrum (Crypt:2)
  A black mamba zombie (Coc:7)
  3 fire dragon skeletons
  10 ettin skeletons
  2 air elementals
  A redback (shapeshifter) (Vaults:5)
  8 spriggans
  3 ynoxinuls
  A spriggan skeleton (Depths:2)
  98 redbacks
  2 tarantellas (shapeshifter)
  44 tarantellas
  A vampire (D:11)
  An ushabti (Crypt:3)
  30 wraiths
  7 golden eyes
  2 wyverns
  52 yaks
  6 steam dragons
  2 black mamba skeletons
  13 small abominations
  6 basilisks
  11 fire elementals
  11 neqoxecs
  A minotaur simulacrum (Coc:6)
  10 vampire mosquitoes
  A sea snake simulacrum (Hell)
  3 death yak simulacra (Orc:1)
  8 chaos spawn
  2 human zombies
  7 wargs
  Edmund (D:6)
  13 water moccasins
  5 acid dragons
  A hydra simulacrum (Hell)
  16 swamp worms
  A water nymph zombie (Crypt:2)
  Duvessa (D:5)
  8 cane toad zombies
  53 hell hounds
  A torturous demonspawn skeleton (Coc:6)
  4 floating eyes
  A floating eye (shapeshifter) (Vaults:5)
  A hornet zombie (Crypt:1)
  40 orc warriors
  8 swamp drakes
  A monstrous demonspawn skeleton (Geh:7)
  A merfolk skeleton (Coc:3)
  A cane toad skeleton (Crypt:3)
  2 black bears
  2 alligator simulacra (Hell)
  5 ogres
  24 necrophages
  A swamp dragon zombie (Coc:5)
  A swamp dragon skeleton (Geh:4)
  5 ice beasts
  A snapping turtle zombie (Hell)
  18 wolves
  A human skeleton (Vaults:1)
  3 snapping turtle skeletons
  2 manticore skeletons
  10 centaurs
  5 phantoms
  6 scorpions
  10 bullfrogs
  A gnoll sergeant (D:10)
  A two-headed ogre simulacrum (Orc:1)
  A salamander skeleton (Crypt:1)
  5 wyvern skeletons (Crypt:3)
  A cane toad simulacrum (Coc:5)
  Dowan (D:5)
  2 water moccasin skeletons
  An elephant simulacrum (Orc:1)
  5 killer bees
  31 wights
  A howler monkey (shapeshifter) (Vaults:5)
  3 howler monkeys (D:12)
  A troll skeleton (Geh:4)
  7 electric eels
  4 centaur zombies
  10 crimson imps
  2 bullfrog zombies
  3 quasits (D:7)
  3 hounds
  3 jellies
  28 orc priests
  22 iron imps
  A bullfrog skeleton (Crypt:2)
  2 iguanas
  A scorpion zombie (D:5)
  23 orc wizards
  18 hell rats (Hell)
  A troll simulacrum (Orc:1)
  A killer bee zombie (D:8)
  2 spriggan simulacra (Orc:1)
  An ogre zombie (Coc:3)
  A tengu zombie (Coc:5)
  A dwarf skeleton (Crypt:1)
  2 naga zombies
  A tengu skeleton (Coc:3)
  A hound skeleton (Crypt:2)
  2 mummies
  9 adders
  11 gnolls
  3 shadow imps
  16 white imps
  An ufetubus (D:6)
  2 adder skeletons
  An iguana skeleton (Crypt:2)
  A lava snake skeleton (Crypt:1)
  4 worms (D:2)
  A dart slug (D:1)
  92 orcs
  A bat skeleton (Crypt:2)
  An endoplasm (D:2)
  5 giant cockroaches
  11 goblins
  9 hobgoblins
  12 jackals
  21 kobolds
  2 quokkas
  3 ball pythons
  6 bats
  3 frilled lizards
  A jackal skeleton (Crypt:1)
  2 kobold zombies
  An orc skeleton (Tar:2)
  4 rats
  2 ball lightnings (Pan)
  A fire vortex (Pan)
  A lurking horror (Abyss:2)
  6 tentacles
  2 withered plants (Crypt:3)
3655 creatures vanquished.

Vanquished Creatures (collateral kills)
  An ancient lich (Zot:5)
  A Killer Klown (Zot:4)
  A Brimstone Fiend (Geh:7)
  3 Tzitzimimeh (Tar:7)
  2 tentacled monstrosities
  An iron giant (Dis:7)
  9 Orb Guardians
  4 titans
  A lich (Crypt:3)
  An acid blob (Slime:5)
  2 ancient champions (Dis:7)
  3 Executioners (Pan)
  2 deep elf master archers
  2 storm dragons
  A fire giant (Crypt:3)
  3 frost giants
  A cacodemon (Pan)
  2 balrugs
  5 very ugly things (Pan)
  3 war gargoyles (Dis:7)
  4 reapers
  A draconian annihilator (Pan)
  5 stone giants
  A green draconian (Zot:5)
  A black draconian (Pan)
  A white draconian (Crypt:3)
  A deep elf annihilator (Pan)
  2 lorocyprocas (Pan)
  2 yellow draconians (Crypt:3)
  A deep elf death mage (Crypt:3)
  A quicksilver dragon zombie (Dis:7)
  A quicksilver dragon skeleton (Pan)
  A deep elf knight (Crypt:3)
  A shock serpent (Pan)
  A soul eater (Pan)
  An iron golem (Dis:7)
  2 sun demons (Pan)
  2 shadow wraiths (Pan)
  5 skeletal warriors
  A sixfirhy (Pan)
  A deep elf archer (Pan)
  2 shadow demons
  2 deep elf zephyrmancers (Pan)
  3 deep elf pyromancers
  A necromancer (Crypt:3)
  A stone giant zombie (Tar:7)
  An ugly thing (Pan)
  A wolf spider (Crypt:3)
  A frost giant skeleton (Crypt:3)
  A rust devil (Dis:7)
  A dire elephant zombie (Dis:7)
  6 hellwings
  A tormentor (Pan)
  A slime creature (Slime:5)
  A fire dragon skeleton (Pan)
  An ice dragon skeleton (Dis:7)
  3 yaks (Lair:6)
  A ynoxinul (Pan)
  7 neqoxecs (Pan)
  A hell hound (Dis:7)
  A water moccasin (Lair:4)
  2 small abominations (Lair:6)
  An elf skeleton (Crypt:3)
  An iron imp (Dis:7)
  A shadow imp (Tar:7)
  A ball lightning (Pan)
127 creatures vanquished.

Vanquished Creatures (others)
  A green draconian (Crypt:3)
  An eidolon (Crypt:3)
  A bunyip (Swamp:4)
  A wizard (Depths:3)
  2 deep elf pyromancers
  A deep elf zephyrmancer (Elf:2)
  An orb spider (Spider:2)
  A wolf spider (Spider:2)
  A manticore (D:14)
  4 bloated husks
  A polar bear (IceCv)
  3 water elementals (Depths:1)
  2 tarantellas (Spider:2)
  A yak (IceCv)
  3 spriggans
  A ynoxinul (Pan)
  An ettin skeleton (Geh:7)
  3 wolves (IceCv)
  2 iron imps (Dis:7)
  An orc wizard (D:10)
  An orc (D:10)
  A bush (Depths:2)
  A fire vortex (Pan)
  8 foxfires
  24 fungi
  5 pillars of salt (Vaults:2)
  101 plants
  2 starspawn tentacles (Abyss:1)
  11 tentacles
  18 withered plants (Crypt:3)
204 creatures vanquished.

Grand Total: 3986 creatures vanquished

Notes
Turn   | Place    | Note
-------+----------+-------------------------------------------
     0 | D:1      | Forgeling the Merfolk Brigand began the quest for the Orb.
     0 | D:1      | Reached XP level 1. HP: 16/16 MP: 1/1
     6 | D:2      | Reached XP level 2. HP: 22/22 MP: 2/2
   250 | D:1      | Reached XP level 3. HP: 19/27 MP: 3/3
   557 | D:2      | Reached skill level 5 in Polearms
   629 | D:2      | Reached XP level 4. HP: 27/33 MP: 4/4
   729 | D:2      | Noticed Sigmund
   732 | D:2      | Killed Sigmund
   733 | D:2      | Reached XP level 5. HP: 27/38 MP: 5/5
   733 | D:2      | Reached XP level 6. HP: 31/44 MP: 6/6
   906 | D:3      | Found an opulent altar of Gozag.
   906 | D:3      | Found a snail-covered altar of Cheibriados.
  1270 | D:3      | Found a basalt altar of Yredelemnul.
  1678 | D:5      | Entered Level 5 of the Dungeon
  1733 | D:4      | Reached XP level 7. HP: 5/52 MP: 7/7
  1928 | D:4      | Found a staircase to the Ecumenical Temple.
  1938 | Temple   | Entered the Ecumenical Temple
  1948 | Temple   | Became a worshipper of Warmaster Okawaru
  2089 | D:4      | Reached skill level 10 in Polearms
  2328 | D:5      | Reached * piety under Okawaru
  2329 | D:5      | Reached skill level 5 in Fighting
  2329 | D:5      | Reached XP level 8. HP: 46/62 MP: 8/8
  2343 | D:5      | Noticed Dowan
  2344 | D:5      | Noticed Duvessa
  2357 | D:5      | Killed Dowan
  2367 | D:5      | Noticed Edmund
  2439 | D:5      | Reached skill level 1 in Invocations
  2618 | D:6      | Killed Edmund
  2791 | D:6      | Identified the +2 great sword "Vayli" {vorpal, +Rage rCorr}
  2830 | D:6      | Reached skill level 1 in Evocations
  2846 | D:6      | Reached skill level 1 in Armour
  2861 | D:6      | Reached skill level 5 in Dodging
  2861 | D:6      | Reached XP level 9. HP: 37/69 MP: 8/11
  2946 | D:7      | Reached ** piety under Okawaru
  3028 | D:5      | Killed Duvessa
  3164 | D:7      | Found a blossoming altar of Fedhas.
  3164 | D:7      | Found a white marble altar of Elyvilon.
  3331 | D:7      | Noticed a boulder beetle
  3331 | D:7      | Noticed a two-headed ogre
  3721 | D:8      | Noticed a two-headed ogre
  3786 | D:8      | Noticed a hornet
  3787 | D:8      | Paralysed by a hornet for 2 turns
  3790 | D:8      | Killed a hornet
  3826 | D:8      | Reached skill level 5 in Evocations
  3863 | D:8      | Found a glowing silver altar of Zin.
  4047 | D:8      | Killed a two-headed ogre
  4047 | D:8      | Reached *** piety under Okawaru
  4048 | D:8      | Reached XP level 10. HP: 68/76 MP: 10/12
  4137 | D:8      | Noticed Maurice
  4160 | D:8      | Killed Maurice
  4519 | D:9      | Noticed a cyclops
  4586 | D:10     | Entered Level 10 of the Dungeon
  4589 | D:10     | Reached **** piety under Okawaru
  4891 | D:9      | Found a staircase to the Lair.
  4903 | D:9      | Killed a cyclops
  4947 | Lair:1   | Entered Level 1 of the Lair of Beasts
  4969 | Lair:1   | Noticed a cane toad
  4979 | Lair:1   | Killed a cane toad
  4980 | Lair:1   | Noticed a black mamba
  4983 | Lair:1   | Killed a black mamba
  5037 | Lair:1   | Reached XP level 11. HP: 42/84 MP: 12/14
  5228 | Lair:2   | Found a shimmering altar of Xom.
  5232 | Lair:2   | Noticed Erica
  5242 | Lair:2   | Killed Erica
  5243 | Lair:2   | Reached skill level 15 in Polearms
  5318 | Lair:2   | Reached ***** piety under Okawaru
  5401 | Lair:2   | Found a staircase to the Swamp.
  5467 | Lair:3   | Reached skill level 5 in Invocations
  5617 | Lair:2   | Received a gift from Okawaru
  5642 | Lair:2   | Paralysed by a hornet for 3 turns
  5971 | Lair:2   | Reached XP level 12. HP: 84/95 MP: 18/18
  5996 | Lair:2   | Noticed a seven-headed hydra
  6004 | Lair:2   | Killed a three-headed hydra
  6019 | Lair:2   | Noticed a seven-headed hydra
  6027 | Lair:2   | Killed a two-headed hydra
  6244 | Lair:4   | Found a large runed translucent door.
  6244 | Lair:4   | Found a large runed translucent door.
  6244 | Lair:4   | Noticed freelancePsychic's ghost (novice SpDe)
  6257 | Lair:4   | Killed freelancePsychic's ghost
  6281 | Lair:5   | Noticed a death yak
  6281 | Lair:5   | Noticed a death yak
  6281 | Lair:5   | Noticed a death yak
  6295 | Lair:4   | Killed a death yak
  6295 | Lair:4   | Identified the +0 spear of Courage {elec, Fragile rPois
                  | Str+5} (Okawaru gifted it to you on level 4 of the Lair of
                  | Beasts)
  6295 | Lair:4   | Received a gift from Okawaru
  6386 | Lair:4   | Reached skill level 10 in Dodging
  6699 | Lair:3   | Found a hole to the Spider Nest.
  6859 | Lair:4   | Reached skill level 5 in Armour
  6859 | Lair:4   | Reached skill level 10 in Evocations
  7040 | Lair:4   | Reached XP level 13. HP: 40/101 MP: 19/19
  7275 | Lair:6   | Entered Level 6 of the Lair of Beasts
  7314 | Lair:6   | Reached skill level 5 in Throwing
  7483 | Lair:6   | Received a gift from Okawaru
  7679 | Lair:6   | Received a gift from Okawaru
  7877 | Lair:6   | Identified the +5 plate armour of Impressiveness {Harm
                  | Drain rElec rN+++} (Okawaru gifted it to you on level 6 of
                  | the Lair of Beasts)
  7877 | Lair:6   | Received a gift from Okawaru
  8550 | Lair:6   | Reached XP level 14. HP: 50/108 MP: 14/20
  8571 | Lair:6   | Received a gift from Okawaru
  8588 | Lair:6   | Found a corrupted altar of Lugonu.
  8588 | Lair:6   | Found a one-way gate to the infinite horrors of the Abyss.
  9809 | D:10     | Found a staircase to the Orcish Mines.
  9838 | Orc:1    | Entered Level 1 of the Orcish Mines
  9965 | Orc:2    | Entered Level 2 of the Orcish Mines
 10318 | Orc:1    | Found a frozen archway.
 10406 | IceCv    | Entered an ice cave
 10606 | IceCv    | Received a gift from Okawaru
 10762 | IceCv    | Received a gift from Okawaru
 10840 | IceCv    | Noticed a frost giant
 10864 | IceCv    | Killed a frost giant
 10865 | IceCv    | Reached XP level 15. HP: 91/115 MP: 15/21
 10875 | IceCv    | Reached skill level 10 in Fighting
 10997 | Orc:2    | Found Tionor Juga's General Store.
 11039 | Orc:2    | Found Utus's General Store.
 11084 | Orc:2    | Noticed Saint Roka
 11144 | Orc:2    | Killed Saint Roka
 11144 | Orc:2    | Received a gift from Okawaru
 11171 | Orc:2    | Received a gift from Okawaru
 11203 | Orc:2    | Received a gift from Okawaru
 11368 | Orc:2    | Found a staircase to the Elven Halls.
 11474 | Orc:2    | Noticed Jorgrun
 11514 | Orc:2    | Killed Jorgrun
 11515 | Orc:2    | Reached skill level 10 in Throwing
 11881 | Orc:2    | Received a gift from Okawaru
 11882 | Orc:2    | Found the +7 pair of quick blades "Gyre" and "Gimble"
                  | {protect}
 11902 | Orc:2    | Found Owkoaf's Jewellery Emporium.
 11902 | Orc:2    | Found Vunotear's Antique Weapon Shoppe.
 11916 | Orc:2    | Found a one-way gate leading to the halls of Pandemonium.
 11940 | Orc:2    | Bought an amulet of regeneration for 420 gold pieces
 11945 | Orc:2    | Bought a ring of poison resistance for 280 gold pieces
 11974 | Orc:2    | Bought a scroll of fear for 45 gold pieces
 11974 | Orc:2    | Bought a scroll of fog for 26 gold pieces
 11974 | Orc:2    | Bought a scroll of identify for 26 gold pieces
 11977 | Orc:2    | Bought a condenser vane for 520 gold pieces
 11977 | Orc:2    | Bought a +3 plate armour of positive energy for 546 gold
                  | pieces
 11997 | Orc:2    | Bought a scroll of identify for 26 gold pieces
 12247 | Swamp:1  | Entered Level 1 of the Swamp
 12375 | Swamp:2  | Noticed a ghoul
 12376 | Swamp:2  | Noticed a ghoul
 12379 | Swamp:2  | Noticed a ghoul
 12388 | Swamp:2  | Killed a ghoul
 12406 | Swamp:1  | Killed a ghoul
 12407 | Swamp:1  | Reached skill level 10 in Invocations
 12535 | Swamp:2  | Killed a ghoul
 12559 | Swamp:2  | Reached ****** piety under Okawaru
 12560 | Swamp:2  | Reached XP level 16. HP: 76/125 MP: 23/23
 12665 | Swamp:4  | Entered Level 4 of the Swamp
 12693 | Swamp:3  | Received a gift from Okawaru
 12707 | Swamp:3  | Noticed Aizul
 12721 | Swamp:3  | Killed Aizul
 12728 | Swamp:3  | Noticed a thorn hunter
 12733 | Swamp:3  | Killed a thorn hunter
 12906 | Swamp:4  | Received a gift from Okawaru
 12981 | Swamp:4  | Identified the +1 halberd "Hell-Harrower" {holy, rF+ SInv}
                  | (Okawaru gifted it to you on level 4 of the Swamp)
 12981 | Swamp:4  | Received a gift from Okawaru
 13502 | Swamp:4  | Received a gift from Okawaru
 13635 | Swamp:4  | Reached XP level 17. HP: 131/131 MP: 24/24
 13706 | Swamp:4  | Identified the +0 chain mail of Melli {Will+ Dex+2 Slay+2}
 13726 | Swamp:4  | Got a decaying rune of Zot
 13838 | Swamp:2  | Received a gift from Okawaru
 14019 | Swamp:1  | Noticed Frances
 14043 | Swamp:1  | Killed Frances
 14044 | Swamp:1  | Reached skill level 10 in Armour
 14056 | Swamp:1  | Identified 2 scrolls of acquirement
 14058 | Swamp:1  | Acquired the +3 Elemental Staff {rElec rF++ rC++ Will++
                  | AC+5}
 14059 | Swamp:1  | Found the +3 Elemental Staff {rElec rF++ rC++ Will++ AC+5}
 14059 | Swamp:1  | Acquired the ring of the Harvest {Fly rC++ rCorr MP+9}
 14126 | Swamp:1  | Noticed Louise
 14155 | Swamp:1  | Killed Louise
 14155 | Swamp:1  | Received a gift from Okawaru
 14313 | Swamp:1  | Acquired a +1 crystal plate armour
 14405 | Spider:1 | Entered Level 1 of the Spider Nest
 14416 | Spider:2 | Noticed Agnes
 14424 | Spider:2 | Killed Agnes
 14799 | Spider:2 | Noticed Arachne
 14831 | Spider:2 | Killed Arachne
 14937 | Spider:2 | Got the Volume of the True Pharaoh
 14973 | Spider:2 | Noticed Nikola
 15013 | Spider:1 | Received a gift from Okawaru
 15119 | Spider:2 | Paralysed by a hornet for 3 turns
 15183 | Spider:2 | Killed Nikola
 15184 | Spider:2 | Reached XP level 18. HP: 138/138 MP: 22/25
 15541 | Spider:3 | Noticed Bai Suzhen
 15562 | Spider:3 | Killed Bai Suzhen
 15573 | Spider:4 | Entered Level 4 of the Spider Nest
 15766 | Spider:4 | Noticed Mara
 15782 | Spider:4 | Noticed Forgeling's illusion
 15789 | Spider:4 | Killed Mara
 15790 | Spider:4 | Reached skill level 15 in Dodging
 15905 | Spider:4 | Received a gift from Okawaru
 16051 | Spider:3 | Received a gift from Okawaru
 16120 | Spider:3 | Identified the +5 arbalest "Cohoiz" {speed, rPois rC+ Will+
                  | Str-2} (Okawaru gifted it to you on level 3 of the Spider
                  | Nest)
 16120 | Spider:3 | Received a gift from Okawaru
 16574 | Spider:4 | Identified the +4 halberd of Gin and Tonic {spect, *Rage
                  | +Blink rN++} (Okawaru gifted it to you on level 4 of the
                  | Spider Nest)
 16574 | Spider:4 | Received a gift from Okawaru
 16595 | Spider:4 | Reached XP level 19. HP: 143/149 MP: 26/26
 16670 | Spider:4 | Got a gossamer rune of Zot
 16881 | Spider:3 | Noticed Donald
 16890 | Spider:3 | Killed Donald
 17627 | D:12     | Found a flagged portal.
 17633 | Bailey   | Entered a bailey
 17688 | Bailey   | Found a runed translucent gate.
 17690 | Bailey   | Found a runed translucent gate.
 17692 | Bailey   | Found a runed translucent gate.
 17743 | Bailey   | Received a gift from Okawaru
 17760 | Bailey   | Reached XP level 20. HP: 160/160 MP: 27/27
 17767 | Bailey   | Acquired 1208 gold pieces
 17913 | D:13     | Found a glowing golden altar of the Shining One.
 18052 | D:15     | Entered Level 15 of the Dungeon
 18068 | D:13     | Noticed Josephine
 18083 | D:13     | Killed Josephine
 18346 | D:13     | Found a gate to the Vaults.
 18369 | Vaults:1 | Entered Level 1 of the Vaults
 18436 | Vaults:1 | Found a portal to a secret trove of treasure.
 18471 | Vaults:1 | Received a gift from Okawaru
 18680 | Vaults:1 | Identified the +1 helmet "Yzifyubuask" {rElec rN+} (Okawaru
                  | gifted it to you on level 1 of the Vaults)
 18680 | Vaults:1 | Received a gift from Okawaru
 18773 | Vaults:2 | Reached skill level 15 in Fighting
 18919 | Vaults:2 | Cast into level 2 of the Abyss (a wizard)
 18919 | Abyss:2  | Found a corrupted altar of Lugonu.
 18937 | Abyss:2  | Found a stormy altar of Qazlal.
 18937 | Abyss:2  | Found a snail-covered altar of Cheibriados.
 18937 | Abyss:2  | Found an iron altar of Okawaru.
 18937 | Abyss:2  | Found a bloodstained altar of Trog.
 18937 | Abyss:2  | Found an ornate altar of the Wu Jian Council.
 18937 | Abyss:2  | Found a shadowy altar of Dithmenos.
 18938 | Abyss:2  | Found a hide-covered altar of Uskayaw.
 18938 | Abyss:2  | Found a shimmering blue altar of Sif Muna.
 18938 | Abyss:2  | Found a sparkling altar of Nemelex Xobeh.
 18938 | Abyss:2  | Found a hazy altar of Hepliaklqana.
 18939 | Abyss:2  | Found a glowing golden altar of the Shining One.
 19016 | Abyss:2  | Gained mutation: Your body sometimes deteriorates upon
                  | taking damage. [a neqoxec]
 19243 | Abyss:3  | Got an abyssal rune of Zot
 19258 | Vaults:2 | Escaped the Abyss
 19393 | Vaults:2 | Reached XP level 21. HP: 67/170 MP: 30/30
 19438 | Vaults:2 | Found a crumbling gateway.
 19447 | Desolati | Entered the Desolation of Salt
 19712 | Desolati | Received a gift from Okawaru
 19888 | Desolati | Identified the ring "Helomyi" {AC+4 Dex+3}
 19895 | Desolati | Identified the +5 long sword "Duum" {spect, +Rage}
 19900 | Desolati | Got the Papyrus of Limitation
 19904 | Desolati | Got Juisenoxt's Handbook of Flight and Stolen Souls
 19941 | Desolati | Identified the +7 long sword "Lemullae" {flame, rPois}
 19941 | Desolati | Identified the ring of Raqy {rPois rC+ Will+ Str+3 Int+2}
 20109 | Desolati | Identified the ring "Ysmon" {rN++ rCorr Str+7 Int+3}
 20228 | Desolati | Identified the +0 scale mail of the Thirsty Realms {Regen+
                  | Str+3 Int-3 Dex+2}
 20282 | Desolati | Identified the +4 chain mail of Anaesthesia {rElec rCorr
                  | Stlth-}
 20510 | Vaults:2 | Received a gift from Okawaru
 20544 | Vaults:2 | Found a staircase to the Crypt.
 20831 | Vaults:2 | Received a gift from Okawaru
 21009 | Vaults:3 | Reached XP level 22. HP: 64/181 MP: 25/32
 21073 | Vaults:3 | Reached skill level 15 in Evocations
 21270 | Vaults:4 | Received a gift from Okawaru
 22430 | D:15     | Noticed Rupert
 22441 | D:15     | Killed Rupert
 22781 | D:15     | Received a gift from Okawaru
 22807 | D:15     | Found a staircase to the Depths.
 22834 | Depths:1 | Entered Level 1 of the Depths
 23017 | Depths:2 | Identified the +1 cloak "Lonlyzu" {rF++ rCorr Int+2 Dex-5}
                  | (Okawaru gifted it to you on level 2 of the Depths)
 23017 | Depths:2 | Received a gift from Okawaru
 23218 | Depths:1 | Found a shadowy altar of Dithmenos.
 23247 | Depths:1 | Reached XP level 23. HP: 181/188 MP: 33/33
 23632 | Depths:3 | Paralysed by a floating eye for 2 turns
 23669 | Depths:3 | Identified the ring of Piniz {rC+ EV+4}
 23704 | Depths:3 | Received a gift from Okawaru
 23843 | Depths:3 | Identified the ring of the Four Lies {Fly rElec MP-9 Str-5
                  | Int+10 SInv}
 23857 | Depths:3 | Found the macabre finger necklace {rN+}
 23863 | Depths:3 | Paralysed by a floating eye for 4 turns
 23890 | Depths:3 | Paralysed by a floating eye for 2 turns
 23905 | Depths:3 | Paralysed by a sphinx for 4 turns
 23922 | Depths:3 | Received a gift from Okawaru
 23988 | Depths:3 | Identified the ring of Eklofust {*Slow +Blink rN+ Str+3
                  | Slay+2}
 24064 | Depths:3 | Noticed a juggernaut
 24073 | Depths:3 | Killed a juggernaut
 24102 | Depths:3 | Received a gift from Okawaru
 24149 | Depths:3 | Received a gift from Okawaru
 24174 | Depths:3 | Noticed a golden dragon
 24175 | Depths:3 | Found Impikiep's Armour Shop.
 24186 | Depths:3 | Killed a golden dragon
 24220 | Depths:3 | Got the Guide on Malediction
 24254 | Depths:3 | Found a transporter.
 24319 | Depths:3 | Found a gateway to Hell.
 24336 | Depths:3 | Found a transporter.
 24346 | Depths:3 | Received a gift from Okawaru
 24368 | Depths:3 | Acquired a manual of Evocations
 24468 | Depths:3 | Found Qoic's Jewellery Shoppe.
 24581 | Depths:5 | Entered Level 5 of the Depths
 24601 | Depths:5 | Noticed a caustic shrike
 24601 | Depths:5 | Noticed a caustic shrike
 24602 | Depths:5 | Noticed a caustic shrike
 24602 | Depths:5 | Noticed a caustic shrike
 24622 | Depths:5 | Killed a caustic shrike
 24627 | Depths:5 | Killed a caustic shrike
 24628 | Depths:5 | Reached XP level 24. HP: 102/200 MP: 29/33
 24631 | Depths:5 | Killed a caustic shrike
 24633 | Depths:5 | Killed a caustic shrike
 24673 | Depths:5 | Noticed Jory
 24706 | Depths:5 | Killed Jory
 25019 | Depths:5 | Received a gift from Okawaru
 25043 | Depths:5 | Found a gate to the Realm of Zot.
 25177 | Depths:5 | Found Megir's Magic Scroll Shoppe.
 25185 | Depths:5 | Bought a scroll of blinking for 97 gold pieces
 25185 | Depths:5 | Bought a scroll of summoning for 123 gold pieces
 25185 | Depths:5 | Bought a scroll of fog for 26 gold pieces
 25185 | Depths:5 | Bought a scroll of enchant weapon for 97 gold pieces
 25185 | Depths:5 | Bought a scroll of teleportation for 39 gold pieces
 25185 | Depths:5 | Bought a scroll of teleportation for 39 gold pieces
 25196 | Depths:4 | Identified the +6 quarterstaff "Fylenawu" {drain, Will+
                  | Str+4}
 25813 | Depths:2 | Found a runed translucent door.
 25815 | Depths:2 | Identified the ring "Vidoll" {MP+9 EV+4 Int+4 Dex+2}
 25837 | Depths:2 | Received a gift from Okawaru
 25857 | Depths:2 | Received a gift from Okawaru
 25862 | Depths:2 | Got the Almanac of Stolen Souls
 26136 | Depths:2 | Noticed an ancient lich
 26143 | Depths:2 | Found Judatuos's Book Boutique.
 26143 | Depths:2 | Found Tukan's Jewellery Shoppe.
 26145 | Depths:2 | Found Wolor's Book Boutique.
 26259 | Depths:2 | Got Sif Muna's Reference Book on Black Magic
 26299 | Depths:2 | Killed an ancient lich
 26300 | Depths:2 | Reached XP level 25. HP: 197/210 MP: 27/33
 26318 | Depths:2 | Bought a manual of Throwing for 1280 gold pieces
 26909 | D:11     | Found a blossoming altar of Fedhas.
 27091 | Elf:1    | Entered Level 1 of the Elven Halls
 27146 | Elf:1    | Paralysed by an air elemental for 1 turns
 27309 | Elf:2    | Found Liorom's Antique Weapon Shop.
 27423 | Elf:2    | Found a runed translucent gate.
 27423 | Elf:2    | Found a runed translucent gate.
 27423 | Elf:2    | Found a runed translucent gate.
 27468 | Elf:3    | Entered Level 3 of the Elven Halls
 27607 | Elf:3    | Paralysed by an air elemental for 1 turns
 27679 | Elf:3    | Received a gift from Okawaru
 28145 | Elf:3    | Got the Handbook of Flames and Poison
 28160 | Elf:3    | Identified the ring of Zucvub {Int+6 Dex+9}
 28318 | Elf:2    | Received a gift from Okawaru
 28333 | Elf:2    | Reached skill level 15 in Throwing
 28785 | Lair:5   | Found a staircase to the Slime Pits.
 28792 | Slime:1  | Entered Level 1 of the Pits of Slime
 28828 | Lair:5   | Identified the +7 hunting sling "Orb Guardian's Foe"
                  | {vorpal, rElec rPois rF+} (Okawaru gifted it to you on
                  | level 5 of the Lair of Beasts)
 28828 | Lair:5   | Received a gift from Okawaru
 29128 | Slime:2  | Noticed Dissolution
 29150 | Slime:2  | Killed Dissolution
 29186 | Slime:3  | Reached XP level 26. HP: 202/218 MP: 33/33
 29244 | Slime:5  | Entered Level 5 of the Pits of Slime
 29422 | Slime:5  | Received a gift from Okawaru
 29476 | Slime:5  | Received a gift from Okawaru
 29868 | Slime:5  | Received a gift from Okawaru
 29890 | Slime:5  | Noticed the Royal Jelly
 29903 | Slime:5  | Killed the Royal Jelly
 29942 | Slime:5  | Found the +8 longbow "Zephyr" {speed, Dex+3 SInv}
 30022 | Slime:5  | Got a slimy rune of Zot
 30023 | Slime:5  | Identified the ring of Amelioration {rElec rN+ Will+ Dex+5}
 30051 | Slime:5  | Identified the ring "Lanwegh" {+Blink rElec rF+ rC+ Int+4}
 30085 | Slime:5  | Identified the +7 long sword of Day {venom, rPois Dex+3
                  | SInv}
 31144 | Vaults:5 | Entered Level 5 of the Vaults
 31475 | Vaults:5 | Received a gift from Okawaru
 31524 | Vaults:5 | Identified the +5 flail of the Spheres {venom, Fragile rN+
                  | Dex+3}
 31531 | Vaults:5 | Got a silver rune of Zot
 31532 | Vaults:5 | Identified the amulet of Skepticism {Reflect rElec Dex+3
                  | Slay-5 SH+5 Stlth+}
 31564 | Vaults:5 | Reached skill level 15 in Armour
 31583 | Vaults:5 | Received a gift from Okawaru
 31617 | Vaults:5 | Reached XP level 27. HP: 156/228 MP: 33/33
 31664 | Vaults:5 | Noticed an ancient lich
 31694 | Vaults:5 | Killed an ancient lich
 31694 | Vaults:5 | Received a gift from Okawaru
 31710 | Vaults:5 | Noticed an ancient lich
 31727 | Vaults:5 | Killed an ancient lich
 31727 | Vaults:5 | Received a gift from Okawaru
 31847 | Vaults:5 | Identified the +1 plate armour "Leitaoj" {Harm rElec Dex+2}
                  | (Okawaru gifted it to you on level 5 of the Vaults)
 31847 | Vaults:5 | Received a gift from Okawaru
 32264 | Vaults:5 | Learned a level 5 spell: Irradiate
 32267 | Vaults:5 | Learned a level 2 spell: Wereblood
 32297 | Vaults:5 | Reached skill level 1 in Transmutations
 32403 | Vaults:5 | Identified the ring "Riasuaph" {Ice Will+}
 32476 | Vaults:5 | Reached skill level 5 in Transmutations
 32531 | Vaults:5 | Found Waplefokhixt's Distillery.
 32539 | Vaults:5 | Bought a potion of mutation for 80 gold pieces
 32539 | Vaults:5 | Bought a potion of haste for 100 gold pieces
 32873 | D:13     | Fell from the grace of Okawaru
 32873 | D:13     | Became a worshipper of the Shining One
 33048 | Crypt:1  | Entered Level 1 of the Crypt
 33050 | Crypt:1  | Noticed Mennas
 33084 | Vaults:2 | Reached * piety under the Shining One
 33114 | Vaults:2 | Killed Mennas
 33140 | Crypt:1  | Noticed Margery
 33190 | Vaults:2 | Killed Margery
 33191 | Vaults:2 | Reached skill level 10 in Transmutations
 33251 | Crypt:1  | Reached ** piety under the Shining One
 33289 | Crypt:1  | Reached *** piety under the Shining One
 33339 | Crypt:1  | Reached **** piety under the Shining One
 33454 | Crypt:1  | Reached ***** piety under the Shining One
 33531 | Crypt:1  | Found a runed translucent gate.
 33531 | Crypt:1  | Found a runed translucent gate.
 33531 | Crypt:1  | Found a runed translucent gate.
 33532 | Crypt:1  | Noticed Jetyrhek's ghost (veteran GrEE)
 33552 | Crypt:1  | Killed Jetyrhek's ghost
 33806 | Crypt:3  | Entered Level 3 of the Crypt
 33967 | Crypt:3  | Reached ****** piety under the Shining One
 33980 | Crypt:3  | Identified a +9 bardiche of holy wrath (a +7 vorpal
                  | bardiche blessed by the Shining One)
 33980 | Crypt:3  | Received a gift from the Shining One
 34125 | Crypt:3  | Reached skill level 15 in Invocations
 34151 | Crypt:3  | Noticed a royal mummy
 34178 | Crypt:3  | Killed a royal mummy
 35528 | Crypt:3  | Identified the ring of the Leaf {rC++ rN+ Will++ Str+4
                  | Stlth-}
 35573 | Crypt:3  | Found an ancient bone altar of Kikubaaqudgha.
 35645 | Crypt:3  | Reached skill level 1 in Conjurations
 35646 | Crypt:3  | Identified the ring of Limotwu {rF++ rN+}
 35677 | Crypt:3  | Found the +7 sceptre of Torment {pain, torment}
 35689 | Crypt:3  | Identified the ring "Yvvir" {rN+ Str-2 Int+3 Dex+4}
 35698 | Crypt:3  | Noticed an ancient lich
 35704 | Crypt:3  | Killed an ancient lich
 36485 | Pan      | Entered Pandemonium
 36807 | Pan      | Entered the realm of Mnoleg.
 36963 | Pan      | Gained mutation: You are occasionally teleported next to
                  | monsters. [a neqoxec]
 37056 | Pan      | Gained mutation: You tend to lose your temper in combat. [a
                  | neqoxec]
 37123 | Pan      | Noticed Mnoleg
 37170 | Pan      | Killed Mnoleg
 37202 | Pan      | Got a glowing rune of Zot
 37318 | Pan      | Entered the realm of Lom Lobon.
 37472 | Pan      | Identified the +4 hand crossbow of Execution {freeze, Drain
                  | Str+2 Int+8 Dex-2}
 37481 | Pan      | Was forgiven by Okawaru
 37791 | Pan      | Noticed Lom Lobon
 37800 | Pan      | Killed Lom Lobon
 37826 | Pan      | Got a magical rune of Zot
 37893 | Pan      | Entered the realm of Cerebov.
 38001 | Pan      | Found the +6 sword of Cerebov {flame}
 38001 | Pan      | Noticed Cerebov
 38027 | Pan      | Got the Tome of Calling and the Compass
 38031 | Pan      | Learned a level 2 spell: Blink
 38161 | Pan      | Killed Cerebov
 38173 | Pan      | Got a fiery rune of Zot
 38194 | Pan      | Identified the +1 scale mail of Sunlight {rC+}
 38348 | Pan      | Reached skill level 5 in Spellcasting
 38361 | Pan      | Gained mutation: You often lose your temper in combat. [a
                  | neqoxec]
 38368 | Pan      | Reached skill level 5 in Translocations
 38435 | Pan      | Entered the realm of Gloorx Vloq.
 38591 | Pan      | Lost mutation: Your body sometimes deteriorates upon taking
                  | damage. [potion of mutation]
 38591 | Pan      | Gained mutation: You are frail. (-10% HP) [potion of
                  | mutation]
 38591 | Pan      | Gained mutation: Your muscles are strong. (Str +2) [potion
                  | of mutation]
 38592 | Pan      | Lost mutation: You are frail. (-10% HP) [potion of
                  | mutation]
 38592 | Pan      | Lost mutation: Your muscles are strong. (Str +2) [potion of
                  | mutation]
 38592 | Pan      | Lost mutation: You often lose your temper in combat.
                  | [potion of mutation]
 38592 | Pan      | Gained mutation: You are partially covered in iridescent
                  | scales. (AC +2) [potion of mutation]
 38592 | Pan      | Gained mutation: Your system is resistant to poisons.
                  | (rPois) [potion of mutation]
 38592 | Pan      | Gained mutation: You expend magic power (3 MP) to
                  | strengthen your wands. [potion of mutation]
 38701 | Pan      | Noticed Gloorx Vloq
 38717 | Pan      | Killed Gloorx Vloq
 38744 | Pan      | Got a dark rune of Zot
 38927 | Pan      | Noticed Mesuqomi the pandemonium lord
 38956 | Pan      | Killed Mesuqomi the pandemonium lord
 38980 | Pan      | Got a demonic rune of Zot
 38996 | Pan      | Found an exit through the horrors of the Abyss.
 39020 | Pan      | Took an exit into the Abyss.
 39020 | Abyss:1  | Escaped into the Abyss
 39074 | Orc:2    | Escaped the Abyss
 39513 | Hell     | Entered the Vestibule of Hell
 39513 | Hell     | Noticed Geryon
 39524 | Hell     | Killed Geryon
 39839 | Hell     | Found a gateway to the freezing wastes of Cocytus.
 39852 | Coc:1    | Entered Level 1 of Cocytus
 39873 | Coc:1    | You fall into a shaft and drop 1 floor!
 40681 | Coc:7    | Entered Level 7 of Cocytus
 40826 | Coc:7    | Noticed Antaeus
 40991 | Coc:7    | Got an icy rune of Zot
 41062 | Hell     | Found a gateway to the Iron City of Dis.
 41072 | Dis:1    | Entered Level 1 of the Iron City of Dis
 41465 | Dis:4    | You fall into a shaft and drop 2 floors!
 41637 | Dis:7    | Entered Level 7 of the Iron City of Dis
 42325 | Dis:7    | Found the +8 demon blade "Leech" {vamp, *Rage +Rage rN+}
 42394 | Dis:7    | Found the +4 staff of Dispater
 42394 | Dis:7    | Noticed Dispater
 42480 | Dis:7    | Got an iron rune of Zot
 42603 | Hell     | Found a gateway to the ashen valley of Gehenna.
 42639 | Hell     | Learned a level 1 spell: Apportation
 42640 | Geh:1    | Entered Level 1 of Gehenna
 42859 | Geh:5    | You fall into a shaft and drop 1 floor!
 43002 | Geh:7    | Entered Level 7 of Gehenna
 43382 | Geh:7    | Found the +7 sceptre of Asmodeus
 43382 | Geh:7    | Noticed Asmodeus
 43420 | Geh:7    | Found the +3 warlock's mirror {reflect}
 43424 | Geh:7    | Got an obsidian rune of Zot
 43482 | Hell     | Lost mutation: You expend magic power (3 MP) to strengthen
                  | your wands. [potion of mutation]
 43482 | Hell     | Lost mutation: You are occasionally teleported next to
                  | monsters. [potion of mutation]
 43482 | Hell     | Lost mutation: Your system is resistant to poisons. (rPois)
                  | [potion of mutation]
 43482 | Hell     | Gained mutation: You are weak. (Str -2) [potion of
                  | mutation]
 43482 | Hell     | Gained mutation: You are agile. (Dex +2) [potion of
                  | mutation]
 43501 | Hell     | Found a gateway to the decaying netherworld of Tartarus.
 43528 | Tar:1    | Entered Level 1 of Tartarus
 43892 | Tar:2    | Reached skill level 27 in Invocations
 44460 | Tar:6    | You fall into a shaft and drop 1 floor!
 44460 | Tar:7    | Entered Level 7 of Tartarus
 44630 | Tar:7    | Found the +2 ratskin cloak {*Rats rPois rN+ Str-1 Int-1
                  | Dex+1}
 44648 | Tar:7    | Got the Incunabulum of Darkness and Feathers
 44649 | Tar:7    | Identified the ring of the Scavenger {Contam rElec rPois
                  | rC+}
 44815 | Tar:7    | Noticed Ereshkigal
 44826 | Tar:7    | Killed Ereshkigal
 44839 | Tar:7    | Identified the amulet of Kes Qodgh {RegenMP rF- rCorr Int+3
                  | Dex+2}
 44845 | Tar:7    | Got a bone rune of Zot
 44862 | Tar:7    | Reached skill level 27 in Polearms
 45053 | Zot:1    | Entered Level 1 of the Realm of Zot
 45677 | Zot:4    | Noticed an orb of fire
 45702 | Zot:4    | Killed an orb of fire
 45832 | Zot:5    | Entered Level 5 of the Realm of Zot
 45901 | Zot:5    | Noticed an orb of fire
 45907 | Zot:5    | Gained mutation: Your magical capacity is low. (-10% MP)
                  | [an orb of fire]
 45923 | Zot:5    | Gained mutation: Potions are less effective at restoring
                  | your health. [an orb of fire]
 45929 | Zot:5    | Killed an orb of fire
 46045 | Zot:5    | Lost mutation: You are partially covered in iridescent
                  | scales. (AC +2) [potion of mutation]
 46045 | Zot:5    | Lost mutation: Your magical capacity is low. (-10% MP)
                  | [potion of mutation]
 46045 | Zot:5    | Lost mutation: You are weak. (Str -2) [potion of mutation]
 46045 | Zot:5    | Lost mutation: You tend to lose your temper in combat.
                  | [potion of mutation]
 46045 | Zot:5    | Gained mutation: Your flesh is cold resistant. (rC+)
                  | [potion of mutation]
 46045 | Zot:5    | Gained mutation: You are very agile. (Dex +4) [potion of
                  | mutation]
 46152 | Zot:5    | Noticed an orb of fire
 46154 | Zot:5    | Gained mutation: You are dopey. (Int -2) [an orb of fire]
 46155 | Zot:5    | Noticed an orb of fire
 46157 | Zot:5    | Noticed an orb of fire
 46158 | Zot:5    | Killed an orb of fire
 46160 | Zot:5    | Noticed an orb of fire
 46161 | Zot:5    | Killed an orb of fire
 46163 | Zot:5    | Noticed an orb of fire
 46165 | Zot:5    | Killed an orb of fire
 46168 | Zot:5    | Killed an orb of fire
 46168 | Zot:5    | Killed an orb of fire
 46169 | Zot:5    | Noticed an ancient lich
 46169 | Zot:5    | Noticed an orb of fire
 46171 | Zot:5    | Noticed an orb of fire
 46172 | Zot:5    | Noticed an orb of fire
 46177 | Zot:5    | Killed an orb of fire
 46179 | Zot:5    | Killed an ancient lich
 46179 | Zot:5    | Gained mutation: You are frail. (-10% HP) [an orb of fire]
 46189 | Zot:4    | Gained mutation: You are very dopey. (Int -4) [an orb of
                  | fire]
 46194 | Zot:4    | Gained mutation: You occasionally shout uncontrollably at
                  | your foes. [an orb of fire]
 46195 | Zot:4    | Killed an orb of fire
 46203 | Zot:4    | Killed an orb of fire
 46222 | Zot:5    | Noticed an orb of fire
 46229 | Zot:5    | Gained mutation: You do not regenerate when monsters are
                  | visible. [an orb of fire]
 46403 | Zot:4    | Lost mutation: Potions are less effective at restoring your
                  | health. [potion of mutation]
 46403 | Zot:4    | Lost mutation: You are very agile. (Dex +4) [potion of
                  | mutation]
 46403 | Zot:4    | Gained mutation: Armour fits poorly on your strangely
                  | shaped body. [potion of mutation]
 46403 | Zot:4    | Gained mutation: You passively map a small area around you.
                  | [potion of mutation]
 46404 | Zot:4    | Lost mutation: You are agile. (Dex +2) [potion of mutation]
 46404 | Zot:4    | Lost mutation: You occasionally shout uncontrollably at
                  | your foes. [potion of mutation]
 46404 | Zot:4    | Gained mutation: You are somewhat resistant to further
                  | mutation. [potion of mutation]
 46456 | Zot:5    | Killed an orb of fire
 46457 | Zot:5    | Noticed an orb of fire
 46464 | Zot:5    | Killed an orb of fire
 46632 | Zot:5    | Noticed an ancient lich
 46644 | Zot:5    | Killed an ancient lich
 46892 | Zot:5    | Got the Orb of Zot
 46948 | Zot:5    | Noticed Leallaovuf the pandemonium lord
 47470 | D:5      | Noticed Toesyih the pandemonium lord
 47470 | D:5      | Noticed an ancient lich
 47604 | D:$      | Escaped with the Orb!

Illustrated notes

Levels and vault maps discovered:
D:1:      dpeg_arrival_fog, layout_loops_ring, minmay_heptomino_o4
D:2:      layout_basic, uniq_sigmund
D:3:      layout_loops_cross, pf_just_have_faith, jmf_multi_god_temple
D:4:      layout_basic, minmay_temple_entry_purple_smoke, kennysheep_donut
D:5:      layout_cave_pools, serial_rivers, chequers_serial_rivers_small_3,
          chequers_serial_rivers_small_a, chequers_serial_rivers_room_b,
          chequers_serial_rivers_micro_c, chequers_serial_rivers_micro_e,
          minmay_misc_feat_roman, kennysheep_nub, uniq_edmund, uniq_duvessa
D:6:      minmay_chambers_of_threes, layout_cave_pools
D:7:      cheibrodos_quashed, layout_basic, gammafunk_temple_overflow_pools,
          lightli_corner_chamber
D:8:      minmay_flawed_box, layout_loops_ring, general_overflow_altar,
          uniq_maurice
D:9:      cheibrodos_iron_armory, layout_long_grid, erik_lair_orcish_takeover,
          chequers_serial_rivers_micro_b, kennysheep_path_1,
          minmay_misc_feat_cross, minmay_misc_feat_plants, minmay_diced_spiral
D:10:     layout_stronghold, erik_orc_2, uniq_nergalle
D:11:     layout_roguey, fedhas_ov_isle_minmay
D:12:     layout_roguey, enter_bailey_3
D:13:     nooodl_glass_maze, layout_stronghold, grunt_vaults_entry_fortified,
          palyth_stone_intersect, skrybe_limestone_x,
          nicolae_tso_swordbearing_angel, uniq_josephine
D:14:     layout_cave_pods, nicolae_vehumet_radiance, serial_shops,
          shop_fountains, serial_column_ruins, column_ruins_grid_1,
          column_ruins_columns_corner, column_ruins_open_tiny,
          column_ruins_columns_water, column_ruins_open_tiny,
          column_ruins_columns_straight, column_ruins_grid_1
D:15:     hangedman_depths_entry_civil_slaughter, layout_loops_ring, drop_trap,
          uniq_rupert
Temple:   regret_index_temple_sphere_string
Lair:1:   layout_concentric_octagons, lemuel_fruit_tree
Lair:2:   cheibrodos_lair_overgrown_chateau, layout_regular_city,
          minmay_swamp_entry_worms, basic_altar, lemuel_fruit_fields, uniq_erica
Lair:3:   layout_hall_layers, spider_nest_entry_a, eino_house_with_fridge
Lair:4:   layout_misc_corridors, ebering_ghost_disaster_area
Lair:5:   layout_hall_layers, dpeg_slime_entry_corner
Lair:6:   hellmonk_lair_end_abyssal_woods, layout_loops_ring,
          serial_bayou_shore_a, grunt_megastairs_1
Swamp:1:  layout_basic_swamp, evilmike_swamp_ruin_house_3, uniq_louise,
          uniq_frances
Swamp:2:  layout_basic_swamp, nicolae_swamp_small_spring
Swamp:3:  layout_basic_swamp, hangedman_swamp_ruin_wall, uniq_aizul
Swamp:4:  swamp_alternative, layout_basic_swamp
Spider:1: layout_chambers, hangedman_spider_tarantella_strand
Spider:2: nicolae_spider_corner, nicolae_looking_at_the_future, uniq_arachne,
          uniq_agnes, uniq_nikola
Spider:3: layout_spider_delve, uniq_bai_suzhen, uniq_donald
Spider:4: grunt_spider_rune_circles, uniq_mara
Slime:1:  layout_caves, basic_altar
Slime:2:  layout_caves, nicolae_slime_phagocytosis, uniq_dissolution
Slime:3:  layout_caves
Slime:4:  cheibrodos_slime_lost_civilization_10, layout_caves
Slime:5
Orc:1:    layout_diamond_mine, portal_ice_cave_entry_ice_simulacra
Orc:2:    pf_orc_diabolical, layout_caves, uniq_jorgrun, uniq_saint_roka
Elf:1:    minmay_elf_arrival_summoners, layout_gridlike,
          minmay_elf_annihilation, wad_floor_pattern_2, uniq_kirke
Elf:2:    nicolae_elf_blades_crystal_corner, layout_loops_corners, serial_shops,
          shop
Elf:3:    elf_hall, layout_loops_cross, minivault_16
Vaults:1: grunt_vaults_twisty, nicolae_vaults_big_ls,
          nicolae_vaults_puzzle_piece, hangedman_vaults_stream,
          grunt_vaults_swirl, vaults_mumra_minichess,
          nicolae_vaults_hallways_thing, nicolae_vaults_little_squares_2,
          nicolae_vaults_little_squares_6, layout_vaults_omnibox, enter_trove_3
Vaults:2: nicolae_vaults_network_quincunx
          [nicolae_vaults_network_quincunx_subvault,
          nicolae_vaults_network_quincunx_subvault,
          nicolae_vaults_network_quincunx_subvault,
          nicolae_vaults_network_quincunx_subvault,
          nicolae_vaults_network_quincunx_subvault], v_misc_13,
          nicolae_vaults_stairing_the_circle, minmay_crypt_entry_simple_statues,
          kb_rosetta, hangedman_vaults_locks, grunt_vaults_funnel,
          nicolae_vaults_theta, v_misc_26, nicolae_vaults_specimen_jars,
          hangedman_vaults_trim, layout_vaults_big_cross,
          portal_desolation_entry_garden
Vaults:3: st_smaller_cells, nicolae_vaults_circle_grid_b, hangedman_vaults_hat,
          ontoclasm_vaults_gateway, v_misc_25, nicolae_vaults_back_hallway,
          v_pattern_1, vaults_room_door_ring, layout_vaults_ring
Vaults:4: v_alt_pattern_4, st_lines, nicolae_vaults_shelves_hall,
          hangedman_vaults_trim, vaults_dpeg_diagonal, vaults_dpeg_hooks,
          nicolae_vaults_little_squares_6, layout_vaults_omnigrid
Vaults:5: serial_shops
Crypt:1:  layout_misc_corridors, ebering_ghost_rock_garden, grunt_megastairs_2,
          uniq_mennas, uniq_margery
Crypt:2:  layout_rooms
Crypt:3:  evilmike_haunted_forest
Depths:1: layout_gridlike, enter_ziggurat_e,
          nicolae_dithmenos_through_a_glass_darkly, hellmouth_2,
          kennysheep_underground_church, serial_bayou_shore_b
Depths:2: minmay_gate_of_8, layout_cave_pools, special_room
          [special_room_morgue], hangedman_coc_ice_floe, minmay_strange_pillars,
          kennysheep_generic_room_10, minmay_shop_grove
Depths:3: hangedman_spin_cycle, pan_entry, hell_entry
Depths:4: kennysheep_ambush_hall, layout_cave_shapes, grunt_hell_entry_dis_mu,
          abyss_entry, pan_entry, grunt_megastairs_3, minmay_staircase_statues,
          firewood_loft, serial_bayou_shore_b, uniq_sojobo
Depths:5: evilmike_zot_entry_gauntlet, layout_gridlike, hell_entry,
          serial_shops, shop, hangedman_decor_clover_reticule, uniq_jory
Hell
Dis:1:    layout_gridville
Dis:2:    layout_chaotic_city, nrook_loot_triangle
Dis:3:    layout_subdivisions
Dis:4:    layout_subdivisions
Dis:6:    layout_subdivisions
Dis:7:    iron_city_of_dis [dis_grunt, dis_wall_7], layout_chaotic_city
Geh:1:    layout_gehenna_lava_caves
Geh:2:    layout_gehenna_pools_box, lemuel_elevator
Geh:3:    layout_gehenna_lava_caves
Geh:4:    layout_gehenna_lava_caves, nicolae_geh_single_fiery_grave,
          gehenna_fire_generator
Geh:5:    layout_gehenna_lava_caves
Geh:6:    layout_gehenna_lava_caves
Geh:7:    geh_grunt_pentagon
Coc:1:    layout_ice_bergs
Coc:2:    layout_ice_bergs
Coc:3:    layout_ice_bergs
Coc:4:    layout_cocytus_water_paths
Coc:5:    layout_cocytus_water_paths
Coc:6:    layout_cocytus_water_paths
Coc:7:    coc_dpeg
Tar:1:    layout_grid_maze
Tar:2:    layout_grid_maze
Tar:3:    layout_honeycomb
Tar:4:    layout_honeycomb, nicolae_tar_cuneiform_to_be, grunt_megastairs_4
Tar:5:    layout_grid_maze
Tar:6:    layout_honeycomb, nicolae_tar_cuneiform_bread
Tar:7:    tar_minmay_river
Zot:1:    layout_misc_corridors, skrybe_zot_glass_2
Zot:2:    layout_onion_interference, st_stairs_2
Zot:3:    kennysheep_spiral_hall, layout_misc_corridors, bh_zot_ikea_curve
Zot:4:    grunt_deathspiral_small, layout_onion_interference
Zot:5:    layout_misc_corridors

Skill      XL: |  1  2  3  4  5  6  7  8  9 10 11 12 13 14 15 16 17 18 19 20 21 22 23 24 25 26 27 |
---------------+----------------------------------------------------------------------------------+-----
Polearms       | 2 3 5 8 9 10 11 13 14 15 16 22 23 24 26 27 | 27.0
Fighting       | 3 5 6 7 9 11 13 14 15 17 18 20 21 24 | 24.0
Dodging        | 5 7 8 10 11 14 16 17 19 20 22 26 | 26.9
Invocations    | 3 4 8 9 10 12 13 14 27 | 27.0
Evocations     | 2 6 8 10 11 12 13 14 16 19 20 | 20.0
Armour         | 1 2 5 9 12 13 14 15 16 | 16.0
Throwing       | 3 8 11 16 18 25 | 25.7
Transmutations | 12 | 12.0
Conjurations   | 4 |  4.4
Spellcasting   | 9 |  9.0
Translocations | 9 |  9.0
Short Blades   | |  2.4
Stealth        | |  4.3

Action                   |  1- 3 |  4- 6 |  7- 9 | 10-12 | 13-15 | 16-18 | 19-21 | 22-24 | 25-27 || total
-------------------------+-------+-------+-------+-------+-------+-------+-------+-------+-------++-------
Melee: Dagger            |   113 |    16 |       |       |       |       |       |       |       ||   129
       Spear             |       |   117 |       |       |       |       |       |       |       ||   117
       Halberd           |       |    25 |   248 |   469 |   848 |    39 |       |       |       ||  1629
       Scythe            |       |    10 |       |       |       |       |       |       |       ||    10
       Tailslap          |       |       |       |       |    21 |    15 |       |     3 |    28 ||    67
       Bardiche          |       |       |       |       |   404 |  1109 |  1072 |  1508 |  5598 ||  9691
       Staff             |       |       |       |       |       |    18 |       |       |       ||    18
Throw: Dart              |     1 |     7 |     8 |    23 |    71 |    40 |    11 |     9 |       ||   170
       Boomerang         |       |       |     1 |     9 |    26 |    26 |       |       |     1 ||    63
       Javelin           |       |       |       |       |     8 |    37 |     4 |    33 |    98 ||   180
 Cast: Wereblood         |       |       |       |       |       |       |       |       |     2 ||     2
       Blink             |       |       |       |       |       |       |       |       |     1 ||     1
Invok: Heroism           |       |       |     6 |    24 |    37 |    30 |    26 |    26 |    21 ||   170
       Finesse           |       |       |       |     1 |     9 |    15 |    11 |     9 |    13 ||    58
       Cleansing Flame   |       |       |       |       |       |       |       |       |   127 ||   127
       Summon Divine War |       |       |       |       |       |       |       |       |    45 ||    45
       Divine Shield     |       |       |       |       |       |       |       |       |    22 ||    22
       Brand Weapon With |       |       |       |       |       |       |       |       |     1 ||     1
 Abil: Evoke Blink       |       |       |       |       |       |       |       |       |     1 ||     1
Evoke: Wand              |       |       |     4 |     6 |    16 |    13 |     2 |     1 |    18 ||    60
       Lightning rod     |       |       |       |       |    13 |     5 |     4 |       |     3 ||    25
       Condenser vane    |       |       |       |       |       |     5 |     4 |     8 |     4 ||    21
       Tin of tremorston |       |       |       |       |       |       |       |       |     3 ||     3
       Phantom mirror    |       |       |       |       |       |       |       |       |     1 ||     1
  Use: Potion            |       |     1 |     2 |       |     1 |     1 |     5 |       |    25 ||    35
       Scroll            |       |     1 |     6 |     3 |    14 |    13 |    11 |     8 |    37 ||    93
 Stab: Sleeping          |     8 |     4 |       |     6 |     4 |       |       |       |       ||    22
       Distracted        |       |       |       |     3 |     4 |     1 |     2 |     1 |       ||    11
       Confused          |       |       |       |       |       |     1 |       |       |       ||     1
       Held in net/web   |       |       |       |       |       |     4 |     3 |       |       ||     7
       Fleeing           |       |       |       |       |       |       |     2 |       |       ||     2
Armor: Robe              |    26 |    13 |       |       |       |       |       |       |       ||    39
       Chain mail        |       |    30 |    98 |    22 |       |       |       |       |       ||   150
       Acid dragon scale |       |       |       |    51 |    55 |       |       |       |       ||   106
       Scale mail        |       |       |       |       |    57 |       |       |       |       ||    57
       Ice dragon scales |       |       |       |       |    32 |       |       |       |       ||    32
       Plate armour      |       |       |       |       |    72 |   321 |       |       |       ||   393
       Crystal plate arm |       |       |       |       |       |   776 |   695 |   717 |       ||  2188
       Gold dragon scale |       |       |       |       |       |       |       |   156 |  3602 ||  3758
Dodge: Dodged            |    58 |    76 |    91 |   230 |   663 |   882 |   505 |   593 |  2996 ||  6094
Block: Other             |       |       |       |       |       |       |       |       |   347 ||   347
